BOTTOM OF THE 1ST |
Wapello Seafarers batting - Pitching for Indian Hills Voodoo : RHP Cody Nichols
|
Pitching: RHP Cody Nichols
|
|
Batting: RHB Carlos Rocha
|
0-0: DOUBLE (Flyball, 78D)
|
Batting: RHB Carlos Martínez
|
0-0: Ball 1-0: Ball 2-0: Foul Ball, location: 2F 2-1: Foul Ball, location: 2F 2-2: Ball 3-2: Base on Balls
|
Batting: RHB Oliver Lugo
|
0-0: Foul Ball, location: 2F 0-1: Ball 1-1: Foul Ball, location: 2F 1-2: Ball 2-2: Strikes out swinging
|
Batting: RHB Norm Skinner
|
0-0: Fly out, F6 (Popup, 4MD)
|
Batting: LHB Luis Salazar
|
0-0: Fielders Choice at 2nd, U6 (Groundball, 6M)
|
Bottom of the 1st over - 0 run(s), 1 hit(s), 0 error(s), 2 left on base; Indian Hills 3 - Wapello 0 |
TOP OF THE 2ND |
Indian Hills Voodoo batting - Pitching for Wapello Seafarers : RHP Fernando Barrón
|
Batting: RHB Arturo Camacho
|
0-0: Ball 1-0: Ball 2-0: Called Strike 2-1: Foul Ball, location: 2F 2-2: Foul Ball, location: 2F 2-2: Ball 3-2: Fly out, F9 (Flyball, 89M)
|
Batting: RHB Doug Hunt
|
0-0: Called Strike 0-1: Fly out, F4 (Popup, 34D)
|
Batting: LHB Amlak Saitoti
|
0-0: Ball 1-0: Called Strike 1-1: Foul Ball, location: 2F 1-2: Ball 2-2: Ball 3-2: Foul Ball, location: 2F 3-2: Foul Ball, location: 2F 3-2: Base on Balls
|
Batting: RHB Félix Guillén
|
0-0: Ground out 5-3 (Groundball, 5S)
|
Top of the 2nd over - 0 run(s), 0 hit(s), 0 error(s), 1 left on base; Indian Hills 3 - Wapello 0 |
BOTTOM OF THE 2ND |
Wapello Seafarers batting - Pitching for Indian Hills Voodoo : RHP Cody Nichols
|
Batting: SHB Víctor Torres
|
0-0: Ball 1-0: Ball 2-0: Foul Ball, location: 2F 2-1: Swinging Strike 2-2: Ball 3-2: Foul Ball, location: 2F 3-2: Foul Ball, location: 2F 3-2: Ground out 4-3 (Groundball, 4M)
|
Batting: LHB Félix Costa
|
0-0: Swinging Strike 0-1: Foul Ball, location: 2F 0-2: Ground out 4-3 (Groundball, 34)
|
Batting: RHB Manuel Flores
|
0-0: Ball 1-0: Foul Ball, location: 2F 1-1: Ball 2-1: Fly out, F9 (Flyball, 89M)
|
Bottom of the 2nd over - 0 run(s), 0 hit(s), 0 error(s), 0 left on base; Indian Hills 3 - Wapello 0 |
TOP OF THE 3RD |
Indian Hills Voodoo batting - Pitching for Wapello Seafarers : RHP Fernando Barrón
|
Batting: RHB Bob McDonald
|
0-0: Ball 1-0: Called Strike 1-1: Called Strike 1-2: Ball 2-2: Ground out 6-3 (Groundball, 6)
|
Batting: SHB Alberto García
|
0-0: Ball 1-0: Foul Ball, location: 2F 1-1: SINGLE (Groundball, 4M)
|
Batting: RHB Fred Moulds
|
0-0: Ball Alberto García steals 2nd base 1-0: Ground out 6-3 (Groundball, 6) Alberto García to third
|
Batting: SHB Kenneth Cruz
|
0-0: Ball 1-0: Called Strike Balk! Alberto García scores 1-1: Ball 2-1: Swinging Strike 2-2: Foul Ball, location: 2F 2-2: Strikes out swinging
|
Top of the 3rd over - 1 run(s), 1 hit(s), 0 error(s), 0 left on base; Indian Hills 4 - Wapello 0 |
BOTTOM OF THE 3RD |
Wapello Seafarers batting - Pitching for Indian Hills Voodoo : RHP Cody Nichols
|
Batting: RHB Takuro Okawa
|
0-0: Ball 1-0: Foul Ball, location: 2F 1-1: SINGLE (Groundball, 15) (infield hit)
|
Batting: RHB Carlos Rocha
|
0-0: Foul Ball, location: 2F 0-1: Ball 1-1: Foul Ball, location: 2F 1-2: Ball 2-2: Ball 3-2: Reached on error, E5 (Groundball, 56) Takuro Okawa to third
|
Batting: RHB Carlos Martínez
|
0-0: Foul Ball, location: 2F 0-1: Foul Ball, location: 2F 0-2: Strikes out swinging
|
Batting: RHB Oliver Lugo
|
0-0: Ball 1-0: Swinging Strike 1-1: Called Strike 1-2: Fly out, F8 (Flyball, 89M) Runner from 3rd tags up, SCORES, throw made
|
Batting: RHB Norm Skinner
|
0-0: Ball 1-0: Called Strike 1-1: Ball 2-1: Called Strike 2-2: SINGLE (Line Drive, 6M) Carlos Rocha to third Runner from 3rd tries for Home, SAFE, no throw or cutoff
|
Batting: LHB Luis Salazar
|
0-0: Ball Norm Skinner steals 2nd base 1-0: Ball 2-0: SINGLE (Line Drive, 8RS) Norm Skinner to third Runner from 3rd tries for Home, SAFE, no throw or cutoff
|
Batting: SHB Víctor Torres
|
0-0: Ball 1-0: Ball Luis Salazar steals 2nd base 2-0: SINGLE (Line Drive, 56) Luis Salazar to third Runner from 3rd tries for Home, SAFE, no throw or cutoff
|
Batting: LHB Félix Costa
|
0-0: Ball 1-0: Fielders Choice at 2nd, 5-4 (Groundball, 56)
|
Bottom of the 3rd over - 4 run(s), 4 hit(s), 1 error(s), 0 left on base; Indian Hills 4 - Wapello 4 |
TOP OF THE 4TH |
Indian Hills Voodoo batting - Pitching for Wapello Seafarers : RHP Fernando Barrón
|
Batting: RHB Bobby Hulsey
|
0-0: Ball 1-0: Ball 2-0: Ball 3-0: SINGLE (Popup, 3)
|
Batting: RHB Arturo Camacho
|
0-0: Called Strike 0-1: Ball 1-1: Foul Ball, location: 2F 1-2: Ball 2-2: Strikes out swinging
|
Batting: RHB Doug Hunt
|
0-0: Ball 1-0: Foul Ball, location: 2F 1-1: Ball 2-1: Ball 3-1: Fly out, F9 (Flyball, 89S)
|
Batting: LHB Amlak Saitoti
|
0-0: SINGLE (Groundball, 4MD) Bobby Hulsey to second
|
Batting: RHB Félix Guillén
|
0-0: Ball 1-0: Ball 2-0: Foul Ball, location: 2F 2-1: Swinging Strike 2-2: Fly out, F8 (Flyball, 8LM)
|
Top of the 4th over - 0 run(s), 2 hit(s), 0 error(s), 2 left on base; Indian Hills 4 - Wapello 4 |
BOTTOM OF THE 4TH |
Wapello Seafarers batting - Pitching for Indian Hills Voodoo : RHP Cody Nichols
|
Batting: RHB Manuel Flores
|
0-0: Swinging Strike 0-1: Fly out, F2 (Popup, 23F)
|
Batting: RHB Takuro Okawa
|
0-0: Ground out 6-3 (Groundball, 6)
|
Batting: RHB Carlos Rocha
|
0-0: SINGLE (Line Drive, 56D)
|
Batting: RHB Carlos Martínez
|
0-0: Ball 1-0: Ball 2-0: SINGLE (Flyball, 8LS) Carlos Rocha to second
|
Batting: RHB Oliver Lugo
|
0-0: DOUBLE (Line Drive, 5D) Carlos Rocha scores Carlos Martínez to third Runner from 3rd tries for Home, SAFE, no throw or cutoff
|
Batting: RHB Norm Skinner
|
0-0: Ground out 5-3 (Groundball, 56S)
|
Bottom of the 4th over - 2 run(s), 3 hit(s), 0 error(s), 1 left on base; Indian Hills 4 - Wapello 6 |
TOP OF THE 5TH |
Indian Hills Voodoo batting - Pitching for Wapello Seafarers : RHP Fernando Barrón
|
Batting: RHB Bob McDonald
|
0-0: SINGLE (Groundball, 6MD)
|
Batting: SHB Alberto García
|
0-0: Ball 1-0: Ball 2-0: Fielders Choice at 2nd, 4-6 (Groundball, 4)
|
Pitching: RHP José Rocha
|
|
Batting: RHB Fred Moulds
|
0-0: Reached on error, E5 (Groundball, 56) Alberto García to second
|
Batting: SHB Kenneth Cruz
|
0-0: Ball 1-0: Called Strike 1-1: Called Strike 1-2: Strikes out looking
|
Batting: RHB Bobby Hulsey
|
0-0: Foul Ball, location: 2F 0-1: Swinging Strike 0-2: Strikes out swinging
|
Top of the 5th over - 0 run(s), 1 hit(s), 1 error(s), 2 left on base; Indian Hills 4 - Wapello 6 |
BOTTOM OF THE 5TH |
Wapello Seafarers batting - Pitching for Indian Hills Voodoo : RHP Cody Nichols
|
Batting: LHB Luis Salazar
|
0-0: SINGLE (Line Drive, 9LS)
|
Batting: SHB Víctor Torres
|
0-0: Ball 1-0: Ball 2-0: Fly out, F7 (Popup, 78S)
|
Batting: LHB Félix Costa
|
0-0: Ball 1-0: Called Strike 1-1: Ball 2-1: Ball Luis Salazar steals 2nd base 3-1: SINGLE (Groundball, 3D) Luis Salazar to third Runner from 3rd tries for Home, SAFE, no throw or cutoff
|
Batting: RHB Manuel Flores
|
0-0: Ball 1-0: Called Strike 1-1: Foul Ball, location: 2F 1-2: Strikes out looking
|
Pitching: LHP Anthony Tamburrino
|
|
Batting: RHB Takuro Okawa
|
0-0: Called Strike 0-1: Called Strike Félix Costa steals 2nd base 0-2: Hit by Pitch
|
Batting: RHB Carlos Rocha
|
0-0: Swinging Strike 0-1: Ball 1-1: Fly out, F8 (Flyball, 8RM)
|
Bottom of the 5th over - 1 run(s), 2 hit(s), 0 error(s), 2 left on base; Indian Hills 4 - Wapello 7 |
TOP OF THE 6TH |
Indian Hills Voodoo batting - Pitching for Wapello Seafarers : RHP José Rocha
|
Batting: RHB Arturo Camacho
|
0-0: Ball 1-0: Ground out 5-3 (Groundball, 5)
|
Batting: RHB Doug Hunt
|
0-0: Ground out 5-3 (Groundball, 5S)
|
Batting: LHB Amlak Saitoti
|
0-0: Called Strike 0-1: SINGLE (Flyball, 89S)
|
Batting: RHB Félix Guillén
|
0-0: Ball 1-0: Ball 2-0: Ball 3-0: Called Strike 3-1: Called Strike 3-2: Strikes out swinging
|
Top of the 6th over - 0 run(s), 1 hit(s), 0 error(s), 1 left on base; Indian Hills 4 - Wapello 7 |
BOTTOM OF THE 6TH |
Wapello Seafarers batting - Pitching for Indian Hills Voodoo : LHP Anthony Tamburrino
|
Batting: RHB Carlos Martínez
|
0-0: Ball 1-0: Fly out, F8 (Flyball, 8LM)
|
Batting: RHB Oliver Lugo
|
0-0: Ball 1-0: Foul Ball, location: 2F 1-1: SINGLE (Line Drive, 7S)
|
Batting: RHB Norm Skinner
|
0-0: Fly out, F8 (Flyball, 8LM)
|
Batting: LHB Luis Salazar
|
0-0: Ball Oliver Lugo steals 2nd base 1-0: SINGLE (Groundball, 56S) Oliver Lugo to third Runner from 3rd tries for Home, SAFE, no throw or cutoff
|
Batting: SHB Víctor Torres
|
0-0: Ball Pickoff Throw to First - Error! E1 Luis Salazar to second 1-0: Called Strike 1-1: Ball 2-1: Foul Ball, location: 2F 2-2: Strikes out looking
|
Bottom of the 6th over - 1 run(s), 2 hit(s), 1 error(s), 1 left on base; Indian Hills 4 - Wapello 8 |
TOP OF THE 7TH |
Indian Hills Voodoo batting - Pitching for Wapello Seafarers : RHP José Rocha
|
Batting: RHB Bob McDonald
|
0-0: Ground out 4-3 (Groundball, 4)
|
Pitching: LHP Ernesto Sánchez
|
|
Batting: SHB Alberto García
|
0-0: Foul Ball, location: 2F 0-1: Ball 1-1: DOUBLE (Groundball, 5L)
|
Batting: RHB Fred Moulds
|
0-0: Fly out, F9 (Flyball, 9S)
|
Batting: SHB Kenneth Cruz
|
0-0: Ball 1-0: Called Strike 1-1: Foul Ball, location: 2F 1-2: Ball 2-2: DOUBLE (Groundball, 5L) Alberto García scores
|
Batting: RHB Bobby Hulsey
|
0-0: Called Strike 0-1: DOUBLE (Line Drive, 7LS) Kenneth Cruz scores
|
Batting: RHB Arturo Camacho
|
0-0: Ball 1-0: Ball 2-0: Ball 3-0: Base on Balls
|
Batting: RHB Doug Hunt
|
0-0: Swinging Strike 0-1: Foul Ball, location: 2F 0-2: Fly out, F4 (Popup, 4D)
|
Top of the 7th over - 2 run(s), 3 hit(s), 0 error(s), 2 left on base; Indian Hills 6 - Wapello 8 |
BOTTOM OF THE 7TH |
Wapello Seafarers batting - Pitching for Indian Hills Voodoo : LHP Anthony Tamburrino
|
Batting: LHB Félix Costa
|
0-0: Called Strike 0-1: Fly out, F8 (Line Drive, 8LM)
|
Batting: RHB Manuel Flores
|
0-0: Ball 1-0: Ball 2-0: Ball 3-0: Called Strike 3-1: Ground out 6-3 (Groundball, 6M)
|
Batting: RHB Takuro Okawa
|
0-0: Foul Ball, location: 2F 0-1: Ground out 5-3 (Groundball, 56)
|
Bottom of the 7th over - 0 run(s), 0 hit(s), 0 error(s), 0 left on base; Indian Hills 6 - Wapello 8 |
TOP OF THE 8TH |
Indian Hills Voodoo batting - Pitching for Wapello Seafarers : LHP Ernesto Sánchez
|
Pitching: LHP Sancho Espinoza
|
|
Batting: LHB Amlak Saitoti
|
0-0: Called Strike 0-1: Ball 1-1: Called Strike 1-2: Ball 2-2: Ball 3-2: SINGLE (Groundball, 34D)
|
Pitching: RHP Mark Messier
|
|
Batting: RHB Félix Guillén
|
0-0: Foul Ball, location: 2F 0-1: Ball 1-1: Hit by Pitch Amlak Saitoti to second
|
Batting: RHB Bob McDonald
|
0-0: DOUBLE (Line Drive, 78M) Amlak Saitoti scores Félix Guillén to third
|
Batting: SHB Alberto García
|
0-0: Ball 1-0: Called Strike 1-1: Ball 2-1: Foul Ball, location: 2F 2-2: Ball 3-2: Strikes out looking
|
Batting: RHB Fred Moulds
|
0-0: Ball 1-0: Ground out 6-3 (Groundball, 6M)
|
Batting: SHB Kenneth Cruz
|
0-0: Called Strike 0-1: Fly out, F8 (Flyball, 8LXD)
|
Top of the 8th over - 1 run(s), 2 hit(s), 0 error(s), 2 left on base; Indian Hills 7 - Wapello 8 |
BOTTOM OF THE 8TH |
Wapello Seafarers batting - Pitching for Indian Hills Voodoo : LHP Anthony Tamburrino
|
Batting: RHB Carlos Rocha
|
0-0: Called Strike 0-1: Ball 1-1: Foul Ball, location: 2F 1-2: Ball 2-2: Fly out, F9 (Flyball, 9S)
|
Batting: RHB Carlos Martínez
|
0-0: Ball 1-0: Ball 2-0: Foul Ball, location: 2F 2-1: Ball 3-1: Called Strike 3-2: Foul Ball, location: 2F 3-2: Foul Ball, location: 2F 3-2: Foul Ball, location: 2F 3-2: Base on Balls
|
Pitching: LHP Zak Smith
|
|
Batting: RHB Oliver Lugo
|
0-0: Ball 1-0: Ball 2-0: Called Strike 2-1: Foul Ball, location: 2F 2-2: Ball 3-2: Base on Balls Carlos Martínez to second
|
Batting: RHB Norm Skinner
|
0-0: Swinging Strike 0-1: Ball 1-1: Foul Ball, location: 2F 1-2: Foul Ball, location: 2F 1-2: Foul Ball, location: 2F 1-2: Strikes out swinging
|
Batting: LHB Luis Salazar
|
0-0: Foul Ball, location: 2F 0-1: Fly out, F8 (Flyball, 8LM)
|
Bottom of the 8th over - 0 run(s), 0 hit(s), 0 error(s), 2 left on base; Indian Hills 7 - Wapello 8 |
TOP OF THE 9TH |
Indian Hills Voodoo batting - Pitching for Wapello Seafarers : RHP Mark Messier
|
Batting: RHB Bobby Hulsey
|
0-0: Foul Ball, location: 2F 0-1: Ball 1-1: Called Strike 1-2: Strikes out swinging
|
Batting: RHB Arturo Camacho
|
0-0: Called Strike 0-1: Swinging Strike 0-2: Strikes out swinging
|
Batting: RHB Doug Hunt
|
0-0: Called Strike 0-1: Swinging Strike 0-2: Strikes out swinging
|
Top of the 9th over - 0 run(s), 0 hit(s), 0 error(s), 0 left on base; Indian Hills 7 - Wapello 8 |
|